 Dungeon Crawl Stone Soup version 0.27.1 (webtiles) character file.

Game seed: 15108030434924613326

4533 BOMJPIETVODKU the Thaumaturge (level 10, 0/72 HPs)
             Began as a Purple Draconian Earth Elementalist on Aug 26, 2021.
             Was a Follower of Cheibriados.
             Slain by an orc warrior (21 damage)
             ... on level 9 of the Dungeon on Aug 29, 2021.
             The game lasted 00:26:40 (9337 turns).

BOMJPIETVODKU the Thaumaturge (DrEE)                Turns: 9337, Time: 00:26:40

Health: 0/72       AC: 15    Str: 13    XL:     10   Next: 17%
Magic:  14/24      EV: 12    Int: 25    God:    Cheibriados [*.....]
Gold:   412        SH:  0    Dex: 14    Spells: 25/29 levels left

rFire    + . .     SeeInvis +   G - +0 mace (protect)
rCold    + + .     Faith    .   (no shield)
rNeg     . . .     Spirit   .   (armour unavailable)
rPois    .         Reflect  .   z - +3 crown of Dyrovepreva {rElec Int+2 SInv}
rElec    +         Harm     .   u - scarf {rC+ rF+}
rCorr    .         Rampage  .   r - +0 pair of gloves
Will     +....                  (no boots)
Stlth    ++........             v - amulet of regeneration
HPRegen  1.22/turn              c - +4 ring of protection
MPRegen  0.19/turn              d - ring of protection from cold

@: very slow
A: breathe power, AC +7, unfitting armour, cold-blooded
a: Breathe Dispelling Energy, Renounce Religion, Bend Time


You were on level 9 of the Dungeon.
You worshipped Cheibriados.
Cheibriados was aware of your devotion.
You visited 2 branches of the dungeon, and saw 10 of its levels.

You collected 412 gold pieces.

Inventory:

Hand Weapons
 a - a +0 dagger
 s - a +1 flail of venom
 G - a +0 mace of protection (weapon)
Missiles
 b - 160 stones
 w - 3 throwing nets
Armour
 i - a +1 cloak
 r - a +0 pair of gloves (worn)
 u - a scarf of resistance (worn)
 z - the +3 crown of Dyrovepreva (worn) {rElec Int+2 SInv}
   (You acquired it on level 7 of the Dungeon)

   Int:       It affects your intelligence (+2).
   rElec:     It insulates you from electricity.
   SInv:      It lets you see invisible.
 H - a scarf of invisibility
Jewellery
 c - a +4 ring of protection (left hand)
 d - a ring of protection from cold (right hand)
 t - a ring of protection from fire
 v - an amulet of regeneration (around neck)
 A - a ring of flight
Wands
 q - a wand of flame (16)
 x - a wand of iceblast (13)
 D - a wand of mindburst (8)
 E - a wand of acid (4)
Scrolls
 n - 2 scrolls of teleportation
 y - 2 scrolls of identify
 B - a scroll of brand weapon {unknown}
 C - 2 scrolls of magic mapping
 F - a scroll of enchant armour
 I - a scroll of amnesia
Potions
 e - 2 potions of attraction
 f - 2 potions of degeneration
 g - a potion of might
 h - a potion of ambrosia
 j - 2 potions of heal wounds {unknown}
 k - 3 potions of brilliance
 l - a potion of magic {unknown}
 m - a potion of invisibility {unknown}
 o - 3 potions of curing {unknown}
 p - a potion of berserk rage {unknown}
 J - 2 potions of resistance {unknown}


   Skills:
 + Level 1.5 Fighting
 - Level 2.0 Short Blades
 - Level 0.3 Maces & Flails
 - Level 1.7 Dodging
 - Level 2.1 Stealth
 - Level 10.0 Spellcasting
 - Level 2.1 Conjurations
 * Level 5.2 Transmutations
 - Level 1.2 Ice Magic
 - Level 10.0 Earth Magic
 - Level 2.3 Invocations


You had 25 spell levels left.
You knew the following spells:

 Your Spells              Type           Power      Damage    Failure   Level
a - Sandblast             Erth           100%       2d20      1%          1
b - Stone Arrow           Conj/Erth      84%        3d12      1%          3

Your spell library contained the following spells:

 Spells                   Type           Power      Damage    Failure   Level
 Magic Dart               Conj           92%        1d7       1%          1
 Passwall                 Tmut/Erth      41%        N/A       1%          2
 Petrify                  Tmut/Erth      50%        N/A       1%          4
 Freeze                   Ice            72%        1d9       3%          1
 Searing Ray              Conj           46%        3d4       3%          2
 Animate Skeleton         Necr           24%        N/A       4%          1
 Pain                     Necr           48%        1d6       4%          1
 Frozen Ramparts          Ice            36%        1d5       9%          3
 Gell's Gravitas          Tloc           6%         N/A       14%         3
 Lesser Beckoning         Tloc           6%         N/A       14%         3
 Teleport Other           Tloc           12%        N/A       14%         3
 Vampiric Draining        Necr           6%         2d6       14%         3
 Hailstorm                Conj/Ice       20%        3d6       24%         4
 Fulminant Prism          Conj/Hex       8%         3d7       32%         4
 Statue Form              Tmut/Erth      33%        N/A       32%         6
 Metabolic Englaciation   Hex/Ice        7%         N/A       71%         5
 Lehudib's Crystal Spear  Conj/Erth      21%        10d6      100%        8
 Animate Armour           Summ/Erth      Unusable   N/A       N/A         4

Dungeon Overview and Level Annotations

Branches:
Dungeon (9/15)             Temple (1/1) D:5
   Lair: D:8-11         Orc: D:9-12

Altars:
Ashenzari
Cheibriados
Dithmenos
Elyvilon
Fedhas
Gozag
Hepliaklqana
Kikubaaqudgha
Makhleb
Nemelex Xobeh
Okawaru
Qazlal
Ru
Sif Muna
Trog
Uskayaw
Vehumet
Wu Jian
Xom
Yredelemnul
Zin
The Shining One
Lugonu

Shops:
D:8 [

Annotations:
D:7 2 transporters, exclusions: ice statue and oklob plant, YoMomma's ghost, novice TrMo


Innate Abilities, Weirdness & Mutations

You can breathe bolts of dispelling energy.
Your rich purple scales are hard. (AC +7)
You cannot fit into any form of body armour.
You are cold-blooded and may be slowed by cold attacks.


Message History

The blast of sand hits the yak!
The yak is almost dead.
The yak gores you but does no damage.
The blast of sand hits the yak!
You kill the yak!
Cheibriados thoroughly appreciates the change of pace.
The blast of sand hits the yak!
The yak is almost dead.
The yak gores you but does no damage.
The blast of sand hits the yak!!
You kill the yak!
Cheibriados thoroughly appreciates the change of pace.
Cheibriados raises the support of your attributes as your movement slows.
The hornet closely misses you.
The blast of sand hits the hornet!
The hornet is moderately wounded.
The hornet stings you!
You feel yourself slow down.
The blast of sand hits the hornet!!
The hornet is almost dead.
The hornet stings you.
You feel as though you will be slow longer.
The hornet stings you.
You feel as though you will be slow longer.
The blast of sand hits the hornet.
You kill the hornet!
Cheibriados thoroughly appreciates the change of pace.
Your Transmutations skill increases to level 5!
The blast of sand hits the orc warrior but does no damage.
The orc warrior hits you with a +0 battleaxe!
The orc warrior hits you with a +0 battleaxe.
The blast of sand hits the orc warrior but does no damage.
The orc warrior hits you with a +0 battleaxe!
You feel yourself speed up. The orc warrior barely misses you.
The orc warrior hits you with a +0 battleaxe!
The orc warrior hits you with a +0 battleaxe!
The orc warrior hits you with a +0 battleaxe!
* * * LOW HITPOINT WARNING * * *
The orc warrior hits you with a +0 battleaxe!!
You die...

#.# #.. D.y.
#.# .......
#.# #.#... #.#
#.#..
####.######...
#<...........
#.##.######.#
#.##.# #.#
#.##@# #†#
#.##o######.#
#.##.Y......#
#.###########
#.#


You could see a yak and an orc warrior.

Vanquished Creatures
  Harold (D:8)
  A hornet (D:9)
  Grinder (D:5)
  Sigmund (D:5)
  A wyvern (D:7)
  3 yaks (D:9)
  Edmund (D:5)
  3 water moccasins (D:7)
  A black bear (D:4)
  2 ice beasts
  A sky beast (D:7)
  2 ogres
  3 centaurs
  2 bullfrogs (D:8)
  4 scorpions
  A water moccasin skeleton (D:5)
  4 wights (D:7)
  A jelly (D:6)
  A bullfrog zombie (D:5)
  4 hounds
  A bullfrog skeleton (D:6)
  An orc priest (D:4)
  A centaur skeleton (D:6)
  3 centaur zombies
  3 iguanas
  Natasha (D:2)
  3 orc wizards
  A hound zombie (D:5)
  8 gnolls
  3 howler monkey skeletons
  Robin (D:2)
  11 adders
  2 shadow imps
  2 white imps
  An ufetubus (D:4)
  4 worms (D:2)
  2 dart slugs
  12 orcs
  5 ball pythons
  2 endoplasms (D:1)
  2 giant cockroaches (D:1)
  18 goblins
  5 hobgoblins
  9 jackals (D:1)
  6 quokkas
  9 bats
  4 frilled lizards
  2 hobgoblin zombies (D:6)
  8 kobolds
  2 kobold zombies (D:6)
  3 orc skeletons (D:6)
  3 rats
  A spectral orc (D:4)
177 creatures vanquished.

Notes
Turn   | Place    | Note
-------+----------+-------------------------------------------
     0 | D:1      | BOMJPIETVODKU the Draconian Earth Elementalist began the
                  | quest for the Orb.
     0 | D:1      | Reached XP level 1. HP: 14/14 MP: 3/3
    80 | D:1      | Reached XP level 2. HP: 8/20 MP: 0/5
   273 | D:1      | Found a faded altar of an unknown god.
   743 | D:1      | Reached XP level 3. HP: 26/26 MP: 6/6
  1497 | D:2      | Reached skill level 1 in Short Blades
  1927 | D:2      | Reached XP level 4. HP: 30/33 MP: 7/7
  1955 | D:2      | Noticed Robin
  1982 | D:2      | Killed Robin
  2001 | D:2      | Noticed Natasha
  2473 | D:2      | Killed Natasha
  2474 | D:2      | Reached XP level 5. HP: 30/38 MP: 6/9
  2856 | D:3      | Found a shadowy altar of Dithmenos.
  3173 | D:3      | Found an ornate altar of the Wu Jian Council.
  3347 | D:3      | Found a blossoming altar of Fedhas.
  3948 | D:4      | Reached skill level 5 in Earth Magic
  3948 | D:4      | Reached XP level 6. HP: 45/45 MP: 0/11
  4281 | D:4      | Found an opulent altar of Gozag.
  4416 | D:4      | Found a hazy altar of Hepliaklqana.
  4645 | D:4      | Your scales start taking on a rich purple colour.
  4645 | D:4      | Reached skill level 5 in Spellcasting
  4645 | D:4      | Reached XP level 7. HP: 50/50 MP: 9/15
  4977 | D:4      | Found a glowing silver altar of Zin.
  5001 | D:5      | Entered Level 5 of the Dungeon
  5001 | D:5      | Found a staircase to the Ecumenical Temple.
  5019 | Temple   | Entered the Ecumenical Temple
  5556 | D:5      | Noticed Sigmund
  5563 | D:5      | Killed Sigmund
  5784 | D:5      | Learned a level 3 spell: Stone Arrow
  5833 | D:5      | Noticed Edmund
  5841 | D:5      | Killed Edmund
  5842 | D:5      | Reached XP level 8. HP: 51/57 MP: 11/19
  6076 | D:5      | Noticed Grinder
  6083 | D:5      | Killed Grinder
  6224 | D:5      | Found a shimmering altar of Xom.
  6426 | D:6      | Found a hide-covered altar of Uskayaw.
  6612 | D:6      | Found a glowing golden altar of the Shining One.
  6727 | D:6      | Found a basalt altar of Yredelemnul.
  6778 | D:6      | Reached skill level 1 in Ice Magic
  6784 | D:6      | Found a snail-covered altar of Cheibriados.
  6802 | D:6      | Became a worshipper of Cheibriados the Contemplative
  7021 | D:6      | Found a bloodstained altar of Trog.
  7356 | D:6      | Reached skill level 1 in Invocations
  7542 | D:7      | Reached XP level 9. HP: 63/63 MP: 16/22
  7614 | D:7      | Reached skill level 1 in Conjurations
  7868 | D:7      | Reached * piety under Cheibriados
  8085 | D:7      | Found a transporter.
  8092 | D:7      | Noticed an ice statue
  8103 | D:7      | Noticed YoMomma's ghost (novice TrMo)
  8103 | D:7      | Noticed a boulder beetle
  8114 | D:7      | Found a transporter.
  8114 | D:7      | Noticed an oklob plant
  8138 | D:7      | Identified a scroll of acquirement
  8138 | D:7      | Acquired the +3 crown of Dyrovepreva {rElec Int+2 SInv}
  8138 | D:7      | Found the +3 crown of Dyrovepreva {rElec Int+2 SInv}
  8600 | D:7      | Noticed an unseen horror
  8658 | D:8      | Found a broken altar of Ashenzari.
  8759 | D:8      | Found a burning altar of Makhleb.
  8849 | D:8      | Reached skill level 1 in Fighting
  8947 | D:8      | Noticed Harold
  8971 | D:8      | Killed Harold
  8972 | D:8      | Reached skill level 10 in Spellcasting
  8972 | D:8      | Reached skill level 10 in Earth Magic
  9082 | D:8      | Found Nusuda's Antique Armour Shop.
  9169 | D:8      | Found a sacrificial altar of Ru.
  9173 | D:8      | Reached XP level 10. HP: 71/71 MP: 21/24
  9328 | D:9      | Reached skill level 5 in Transmutations
  9337 | D:9      | Slain by an orc warrior

Illustrated notes

Levels and vault maps discovered:
D:1:      minmay_arrival_four_loops, layout_basic,
          hellmonk_ecumenical_altar_heavens_door, nrook_campfire,
          dk_noncrumbling_2, minmay_tetromino_t4
D:2:      layout_rooms, uniq_robin, uniq_natasha
D:3:      layout_basic, fedhas_altar_2, mainiacjoe_overflow_alcove_2,
          mainiacjoe_overflow_paths
D:4:      layout_layer_cave, zin_treasury, grunt_gozag_breadcrumbs,
          nicolae_hepliaklqana_monster_ancestors
D:5:      layout_loops_ring, lemuel_crystal_altar, minmay_temple_entry_statues,
          grunt_ministairs_8, supply_closet_lemuel, uniq_sigmund, uniq_edmund,
          uniq_grinder, uniq_crazy_yiuf_cottage
D:6:      layout_cave_pods, kennysheep_mini,
          mainiacjoe_overflow_concentric_impassable,
          mainiacjoe_overflow_six_doors_small, nicolae_tso_besieged_by_evil,
          overflow_temple_1_default, hangedman_decor_points
D:7:      layout_layer_cave, nzn_ghost_randoct, chequers_serial_rivers_small_a,
          st_stairs_6, kennysheep_dice
D:8:      layout_loops_ring, nicolae_ru_great_annihilating_truth,
          nicolae_overflow_crystal_walls, makhleb_grotto_becter, serial_shops,
          shop_fountains, uniq_harold
D:9:      layout_basic, due_lair_maze_entry_diamond, serial_undead,
          serial_undead_e, serial_undead_b, serial_undead_d, serial_undead_c,
          st_stairs_5
Temple:   corrupted_temple

Skill      XL: |  1  2  3  4  5  6  7  8  9 10 |
---------------+-------------------------------+-----
Stealth        | 2 |  2.1
Earth Magic    | 4 5 7 8 10 | 10.0
Short Blades   | 1 2 |  2.0
Spellcasting   | 3 5 7 9 10 | 10.0
Ice Magic      | 1 |  1.2
Invocations    | 1 2 |  2.3
Conjurations   | 2 |  2.1
Fighting       | 1 |  1.5
Transmutations | 3 5 |  5.2
Maces & Flails | |  0.3
Dodging        | |  1.7

Action                   |  1- 3 |  4- 6 |  7- 9 | 10-12 || total
-------------------------+-------+-------+-------+-------++-------
Melee: Dagger            |   146 |    91 |   127 |       ||   364
       Tailslap          |    13 |     5 |    11 |       ||    29
       Mace              |       |       |     3 |       ||     3
 Cast: Sandblast         |    29 |    77 |   142 |    17 ||   265
       Stone Arrow       |       |       |     3 |       ||     3
  Use: Scroll            |     1 |     4 |     9 |       ||    14
 Stab: Sleeping          |     6 |     3 |     1 |       ||    10
Armor: Skin              |    64 |    61 |    78 |     3 ||   206
Dodge: Dodged            |   125 |   105 |   119 |     8 ||   357
